 Dungeon Crawl Stone Soup version 0.28-a0-932-g843f935a50 (webtiles) character file.

Game seed: 16749772508942014814

121 Conn the Sneak (level 5, -1/31 HPs)
             Began as an Octopode Fire Elementalist on Nov 27, 2021.
             Slain by a gnoll sergeant (7 damage)
             ... on level 3 of the Dungeon.
             The game lasted 00:03:40 (3501 turns).

Conn the Sneak (Octopode Fire Elementalist)         Turns: 3501, Time: 00:03:41

Health: -1/31      AC:  1    Str:  7    XL:     5   Next: 5%
Magic:  2/9        EV: 13    Int: 25    God:
Gold:   6          SH:  0    Dex: 12    Spells: 9/10 levels left

rFire   . . .      SeeInvis .   e - +0 short sword
rCold   . . .      Faith    .   (no shield)
rNeg    . . .      Spirit   .   (helmet restricted)
rPois   .          Reflect  .   (no amulet)
rElec   .          Harm     .   l - +6 ring of intelligence
rCorr   .          Rampage  .   (no ring)
Will    .....                   (no ring)
Stlth   +++.......              (no ring)
HPRegen 0.10/turn               (no ring)
MPRegen 0.11/turn               (no ring)
                                (no ring)
                                (no ring)

@: no status effects
A: almost no armour, amphibious, 8 rings, camouflage 1, gelatinous body 1,
(nimble swimmer 1), tentacles
a: no special abilities


You were on level 3 of the Dungeon.
You visited 1 branch of the dungeon, and saw 3 of its levels.

You collected 66 gold pieces.
You spent 60 gold pieces at shops.

Inventory:

Hand Weapons
 e - a +0 short sword (weapon)
Missiles
 b - 25 poisoned darts
 j - 3 silver javelins
Jewellery
 l - a +6 ring of intelligence (left tentacle)
Scrolls
 c - 4 scrolls of immolation {unknown}
 d - 4 scrolls of identify {unknown}
 f - 4 scrolls of teleportation
 g - a scroll of blinking {unknown}
 h - 2 scrolls of enchant weapon {unknown}
 k - a scroll of amnesia {unknown}
Potions
 a - 2 potions of lignification {unknown}
 i - a potion of attraction {unknown}
 m - 2 potions of curing


   Skills:
 + Level 0.1 Fighting
 + Level 0.6 Short Blades
 + Level 2.2 Dodging
 + Level 3.7 Stealth
 + Level 3.2 Spellcasting
 + Level 1.8 Conjurations
 + Level 3.6 Fire Magic


You had 9 spell levels left.
You knew the following spells:

 Your Spells              Type           Power      Damage    Failure   Level
a - Foxfire               Conj/Fire      68%        2x1d7     3%          1

Your spell library contained the following spells:

 Spells                   Type           Power      Damage    Failure   Level
 Scorch                   Fire           44%        2d7       3%          2
 Conjure Flame            Conj/Fire      17%        6-21      10%         3
 Inner Flame              Hex/Fire       13%        N/A       14%         3
 Flame Wave               Conj/Fire      17%        3d5       32%         4
 Summon Forest            Summ/Tloc      2%         N/A       95%         5
 Summon Mana Viper        Hex/Summ       4%         N/A       95%         5
 Summon Cactus Giant      Summ           2%         N/A       100%        6


Dungeon Overview and Level Annotations

Branches:
Dungeon (3/15)

Altars:
Cheibriados

Shops:
D:1 (   D:3 :!!?


Innate Abilities, Weirdness & Mutations

You cannot wear most types of armour.
You are amphibious.
You can wear up to eight rings at the same time.
Your skin changes colour to match your surroundings (Stealth+).
Your rubbery body absorbs attacks. (AC +1, EV +1)
((You are camouflaged near water. (Stealth+)))
You have tentacles for arms and can constrict up to eight enemies at once.


Message History

Confirm with . or Enter, or press ? or * to list all spells.
You conjure some foxfire!
Unknown command.
Casting: Foxfire (safe; 3% risk of failure)
Confirm with . or Enter, or press ? or * to list all spells.
You conjure some foxfire!
The foxfire hits the goblin.
The goblin is severely wounded.
The foxfire hits the dart slug.
The dart slug is heavily wounded.
The foxfire hits the goblin!
You kill the goblin!
Your foxfire dissipates!
Casting: Foxfire (safe; 3% risk of failure)
Confirm with . or Enter, or press ? or * to list all spells.
You conjure some foxfire!
A gnoll comes into view. It is wielding a +0 club.
The dart slug launches a dart at you. The slug dart hits you.
Unknown command.
The foxfire hits the rat.
The rat is severely wounded.
The foxfire hits the dart slug.
The dart slug is severely wounded.
The dart slug misses you.
You hit the dart slug but do no damage. You grab the dart slug.
The dart slug is severely wounded.
You constrict the dart slug. You hit the dart slug.
You kill the dart slug!
The gnoll sergeant hits you from afar with a +0 trident of protection!
Ouch! That really hurt!
* * * LOW HITPOINT WARNING * * *
The gnoll closely misses you. The rat bites you.
* * * LOW HITPOINT WARNING * * *
The gnoll barely misses you.
Casting: Foxfire (safe; 3% risk of failure)
Confirm with . or Enter, or press ? or * to list all spells.
You conjure some foxfire!
The gnoll sergeant hits you from afar with a +0 trident of protection!
You die...

###### ##.≈≈≈##
##.≈≈≈≈≈## #
#..≈≈@v≈_#.##
#..≈≈≈vg##..#
#####..#.ggg......
##..... ##..r......
##.....## #..g......
#.......# #.)....... ##
#.......# #......... .#
##.......###.........
.###.............†......


You could see a gnoll sergeant, 4 gnolls and a rat.

Vanquished Creatures
  An iguana (D:2)
  A gnoll (D:3)
  3 adders (D:2)
  A worm (D:3)
  2 dart slugs
  An orc (D:2)
  5 endoplasms
  3 goblins
  3 hobgoblins
  4 jackals (D:2)
  4 kobolds
  3 quokkas
  4 ball pythons
  5 bats
  4 frilled lizards
  3 rats
47 creatures vanquished.

Vanquished Creatures (others)
  141 foxfires
141 creatures vanquished.

Grand Total: 188 creatures vanquished

Notes
Turn   | Place    | Note
-------+----------+-------------------------------------------
     0 | D:1      | Conn the Octopode Fire Elementalist began the quest for the
                  | Orb.
     0 | D:1      | Reached XP level 1. HP: 11/11 MP: 3/3
   477 | D:1      | Found Bies Ytotha's Weapon Shoppe.
  1036 | D:1      | Reached XP level 2. HP: 17/17 MP: 1/5
  1832 | D:2      | Reached XP level 3. HP: 14/21 MP: 1/7
  2486 | D:2      | Reached XP level 4. HP: 11/27 MP: 0/8
  2802 | D:2      | Found a faded altar of an unknown god.
  3234 | D:3      | Found Qarefen's Magic Scroll Shoppe.
  3238 | D:3      | Found Geseggea's Distillery.
  3240 | D:3      | Bought a scroll of teleportation for 30 gold pieces
  3270 | D:3      | Found Fiefrech's Book Boutique.
  3364 | D:3      | Found Eqoxab's Distillery.
  3465 | D:3      | Bought a potion of curing for 30 gold pieces
  3484 | D:3      | Noticed a gnoll sergeant
  3488 | D:3      | Reached XP level 5. HP: 31/31 MP: 4/9
  3488 | D:3      | Found a snail-covered altar of Cheibriados.
  3501 | D:3      | Slain by a gnoll sergeant

Illustrated notes

Levels and vault maps discovered:
D:1:      lemuel_arrival_room, layout_loops_corners, serial_shops,
          nicolae_diamond_shop, grunt_decor_mini_mirrors
D:2:      layout_loops_ring, hellmonk_ecumenical_altar_heavens_door,
          serial_park_tiny_1
D:3:      layout_rooms, kennysheep_slug_shrine, serial_shops, shop,
          nicolae_shop_statue_plus, shop, shop, minmay_quadrilaterals

Skill      XL: |  1  2  3 |
---------------+----------+-----
Stealth        | 3 |  3.7
Spellcasting   | 3 |  3.2
Fighting       | |  0.1
Short Blades   | |  0.6
Dodging        | |  2.2
Conjurations   | |  1.8
Fire Magic     | |  3.6

Action                   |  1- 3 |  4- 6 || total
-------------------------+-------+-------++-------
Melee: Unarmed           |    20 |       ||    20
       Constrict         |    10 |     2 ||    12
       Short sword       |    17 |    10 ||    27
       Tentacles         |     4 |       ||     4
 Cast: Foxfire           |    44 |    40 ||    84
 Stab: Sleeping          |     3 |     1 ||     4
Armor: Skin              |     4 |       ||     4
Dodge: Dodged            |    38 |     8 ||    46

Table legend: (Time is in decaauts)
 A = Elapsed time spent in this place.
 B = Non-inter-level travel time spent in this place.
 C = Inter-level travel time spent in this place.
 D = Time resting spent in this place.
 E = Time spent auto-exploring this place.
 F = Levels seen in this place.
 G = Mean time per level.
                   A        B        C        D        E       F      G
               +--------+--------+--------+--------+--------+-----+--------+
         Total |   3502 |   3449 |     53 |      0 |   3068 |   3 | 1167.3 |
       Dungeon |   3502 |   3449 |     53 |      0 |   3068 |   3 | 1167.3 |
               +--------+--------+--------+--------+--------+-----+--------+

Top non-repeatable levels by time:
     D:1: 1688 daAuts
     D:2: 1476 daAuts
     D:3: 336 daAuts
